AoeStats
← HD_Daniel

African Clearing

505775743Analyzed
4v4 RM · 22d ago on Sep 11, 2026· 56m 6s· 8 players
Game mode
Random Map
Map size
Large (8 player)
Population
200
Speed
Normal
Resources
Standard
Victory
Conquest
Starting age
Dark Age
Ending age
Imperial Age
RankedLock teamsTeams togetherTeam positionsShared explorationLock speedFull tech treeHidden civsTurbo modeCheats
Victory
Defeat
🇮🇳 Mapuche · India
1537
+11
🇺🇸 Georgians · United States
1467
+13
🇨🇦 Mongols · Canada
1422
+15
🇨🇦 Chinese · Canada
1272
+22
🇲🇽 Magyars · Mexico
1435
-16
🇲🇽 Sicilians · Mexico
1414
-16
🇲🇽 Slavs · Mexico
1410
-15
🇲🇽 Khmer · Mexico
1366
-14
chentever.twitch
4:50 Loom
12:51 Feudal Age
16:18 Castle Age
14:40 Double-Bit Axe
16:51 Bloodlines
16:51 Town Watch
18:43 Husbandry
35:43 Wheelbarrow
37:42 Hand Cart
37:40 Light Cavalry
40:29 Scale Barding Armor
40:45 Forging
40:40 Fletching
42:13 Chain Barding Armor
48:51 Imperial Age
48:37 Iron Casting
51:07 Plate Barding Armor
50:19 Cavalier
56:47 Bow Saw
GEN0S
12:22 Feudal Age
12:27 Man-at-Arms
16:36 Arson
17:46 Loom
19:10 Double-Bit Axe
23:45 Castle Age
22:36 Scale Mail Armor
24:01 Long Swordsman
25:36 Chain Mail Armor
27:11 Bow Saw
34:44 Ballistics
38:58 Horse Collar
44:07 Wheelbarrow
45:47 Fletching
49:13 Imperial Age
47:43 Bodkin Arrow
49:16 Pikeman
52:13 Bracer
52:58 Padded Archer Armor
53:45 Corvinian Army
HD_Daniel
9:21 Loom
11:52 Feudal Age
12:32 Double-Bit Axe
14:12 Forging
23:57 Castle Age
22:09 Horse Collar
22:52 Gold Mining
23:59 Light Cavalry
29:13 Fletching
34:37 Bodkin Arrow
36:55 Bow Saw
44:26 Imperial Age
43:02 Scale Barding Armor
44:00 Iron Casting
44:13 Husbandry
44:24 Bloodlines
45:02 Chain Barding Armor
47:29 Plate Barding Armor
47:47 Wheelbarrow
48:59 Blast Furnace
49:39 Conscription
49:15 Elite Boyar
51:55 Hoardings
52:35 Heavy Scorpion
56:05 Chemistry
Koatlistak
9:41 Loom
12:10 Feudal Age
13:30 Double-Bit Axe
17:26 Town Watch
23:41 Wheelbarrow
28:50 Castle Age
27:10 Fletching
28:36 Horse Collar
31:07 Bodkin Arrow
43:46 Heavy Plow
51:46 Squires
51:31 Arson
52:50 Ballistics
52:57 Murder Holes
54:34 Pikeman
a7xbast
3:07 Loom
13:33 Feudal Age
20:12 Double-Bit Axe
26:08 Castle Age
32:23 Wheelbarrow
33:03 Horse Collar
34:24 Hand Cart
35:44 Bow Saw
40:52 Imperial Age
38:26 Heavy Plow
40:02 Scale Mail Armor
40:12 Forging
40:15 Arson
40:33 Squires
41:29 Chain Mail Armor
41:04 Elite Fire Lancer
42:22 Heavy Rocket Cart
43:43 Capped Ram
45:22 Siege Ram
49:14 Cavalier
49:54 Husbandry
50:04 Bloodlines
51:38 Scale Barding Armor
52:42 Gold Mining
56:08 Chain Barding Armor
56:23 Iron Casting
56:19 Plate Mail Armor
Masp
3:20 Loom
13:55 Feudal Age
15:17 Town Watch
18:26 Castle Age
24:25 Fletching
25:53 Bodkin Arrow
26:42 Guard Tower
28:47 Ballistics
34:20 Murder Holes
44:03 Wheelbarrow
46:59 Padded Archer Armor
47:23 Nomads
52:09 Imperial Age
53:12 Siege Engineers
53:14 Bracer
52:40 Onager
54:01 Bloodlines
53:52 Husbandry
53:49 Elite Mangudai
54:49 Onager
FrNkyboy
11:52 Feudal Age
12:08 Loom
13:25 Double-Bit Axe
22:58 Wheelbarrow
27:34 Castle Age
26:25 Forging
26:06 Horse Collar
28:06 Scale Barding Armor
28:13 Bloodlines
29:04 Gold Mining
35:04 Town Watch
35:21 Husbandry
35:57 Bow Saw
37:19 Hand Cart
37:59 Chain Barding Armor
47:51 Imperial Age
45:27 Stone Mining
47:34 Devotion
47:43 Fletching
48:31 Iron Casting
48:15 Heavy Plow
48:44 Svan Towers
48:08 Cavalier
49:24 Plate Barding Armor
51:08 Coinage
51:19 Aznauri Cavalry
51:35 Conscription
52:16 Blast Furnace
53:08 Light Cavalry
54:22 Fletching
NotATeamPlayer
5:52 Loom
12:57 Feudal Age
19:32 Castle Age
18:29 Fletching
20:30 Double-Bit Axe
21:24 Bodkin Arrow
36:32 Town Watch
42:09 Horse Collar
43:59 Wheelbarrow
46:04 Imperial Age
44:36 Padded Archer Armor
46:01 Malon
46:49 Hand Cart
47:10 Bow Saw
47:00 Heavy Plow
46:32 Elite Bolas Rider
49:04 Chemistry
48:27 Ballistics
49:09 Chemistry
50:25 Leather Archer Armor
55:15 Butalmapu
55:31 Conscription
55:45 Ring Archer Armor
55:30 Town Patrol
56:18 Coinage
Connection lost

Rejoining the realm…

Still unreachable

The connection could not be restored.

Session expired

The server has moved on; the page needs a fresh start.